 Seeded DCSS version 0.30-a0-953-g5f1da4a474 (webtiles) character file.

Game seed: 3125986916090331667 (custom seed)

31 Parcival the Grave Robber (level 3, 16/24 HPs)
             Began as a Vampire Necromancer on Mar 28, 2023.
             Quit the game on level 2 of the Dungeon.
             The game lasted 00:03:08 (848 turns).

Parcival the Grave Robber (Vampire Necromancer)      Turns: 848, Time: 00:03:09

Health: 16/24      AC:  2    Str:  7    XL:     3   Next: 7%
Magic:  5/6        EV: 12    Int: 26    God:
Gold:   43         SH:  0    Dex: 14    Spells: 5/6 levels left

rFire   . . .      SeeInvis +    (no weapon)
rCold   + . .      Faith    .    (no shield)
rNeg    . . .      Spirit   .    a - +0 robe
rPois   .          Reflect  .    (no helmet)
rElec   .          Rampage  .    (no cloak)
rCorr   .                        (no gloves)
Will    .....                    (no boots)
Stlth   ++                       c - amulet "Badohita" {RegenMP rC+ Int+7}
HPRegen 0.44/turn                (no ring)
MPRegen 0.50/turn                (no ring)

@: healing quickly
A: alive, fangs 3, see invisible, vampiric 2
a: Exsanguinate


You were on level 2 of the Dungeon.
You visited 1 branch of the dungeon, and saw 2 of its levels.

You collected 43 gold pieces.

Inventory:

Armour
 a - a +0 robe (worn)
Jewellery
 c - the amulet "Badohita" (around neck) {RegenMP rC+ Int+7}
   (You acquired it on level 1 of the Dungeon)

   [amulet of magic regeneration]

   It increases your rate of magic regeneration.
   Int:       It affects your intelligence (+7).
   rC:        It protects you from cold.
 g - an amulet of magic regeneration
 h - a +6 ring of strength
Potions
 b - a potion of magic
 f - a potion of heal wounds


   Skills:
 + Level 2.2 Dodging
 + Level 3.2 Stealth
 + Level 0.3 Unarmed Combat
 + Level 2.2 Spellcasting
 + Level 5.2 Necromancy


You had 5 spell levels left.
You knew the following spells:

 Your Spells              Type           Power      Damage    Failure   Level
a - Necrotise             Necr           100%       1d9       1%          1

Your spell library contained the following spells:

 Spells                   Type           Power      Damage    Failure   Level
 Vampiric Draining        Necr           30%        2d8       3%          3
 Animate Dead             Necr           30%        N/A       12%         4
 Agony                    Necr           30%        N/A       32%         5


Dungeon Overview and Level Annotations

Branches:
Dungeon (2/15)

Altars:


Innate Abilities, Weirdness & Mutations

Your natural rate of healing is accelerated.
You have razor-sharp teeth.
You have supernaturally acute eyesight. (SInv)
You are afflicted with vampirism and can become a bat while bloodless.


Message History

The adder hisses angrily.
A dart slug comes into view.
The adder completely misses you.
The kobold hits you with a +0 short sword.
You hit the kobold. You bite the kobold.
You kill the kobold!
The giant cockroach bites you but does no damage.
The adder bites you.
You are poisoned.
The adder poisons you! The giant cockroach misses you.
You feel sick. The adder closely misses you.
The giant cockroach barely misses you.
You see here a +0 short sword.
You feel sick. The adder bites you.
The giant cockroach bites you but does no damage.
The adder bites you but does no damage.
Casting: Necrotise (safe; 1% risk of failure)
Confirm with . or Enter, or press ? or * to list all spells.
Aiming: Necrotise (safe; 1% risk of failure)
Press: ? - help, Shift-Dir - straight line, f - giant cockroach
Aim: a giant cockroach (chance to affect: 93%)
The giant cockroach writhes in agony.
You feel sick.
The giant cockroach completely misses you.
The adder bites you but does no damage. The dart slug launches a dart at you.
The slug dart misses you.
The slug dart hits the giant cockroach.
The giant cockroach dies!
You feel sick. The adder bites you.
Casting: Necrotise (safe; 1% risk of failure)
Confirm with . or Enter, or press ? or * to list all spells.
Aiming: Necrotise (safe; 1% risk of failure)
Press: ? - help, Shift-Dir - straight line, f - adder
Aim: an adder (chance to affect: 88%)
The adder writhes in agony.
You feel sick.
You are no longer poisoned.
The adder bites you.
Casting: Necrotise (safe; 1% risk of failure)
Confirm with . or Enter, or press ? or * to list all spells.
You don't know that spell.
Are you sure you want to abandon this character and quit the game? (Confirm with "yes".)

# #.# #. #.# .#
#.. ..#.# #.#.#
. #...#
#.###.#w##
#......@<######
###...S)†.....#
#.##...####.#
.. ##.## #
####.#####.#
#..........#
#.##.#######
#.##..?
#.######


You could see an adder and a dart slug.

Vanquished Creatures
  A gnoll (D:1)
  3 endoplasms (D:1)
  A hobgoblin (D:1)
  2 ball pythons (D:1)
  2 bats (D:1)
  4 goblins (D:1)
  4 kobolds
  2 rats (D:1)
19 creatures vanquished.

Vanquished Creatures (collateral kills)
  A goblin (D:1)
1 creature vanquished.

Vanquished Creatures (others)
  A giant cockroach (D:2)
1 creature vanquished.

Grand Total: 21 creatures vanquished

Notes
Turn   | Place    | Note
-------+----------+-------------------------------------------
     0 | D:1      | Parcival the Vampire Necromancer began the quest for the
                  | Orb.
     0 | D:1      | Reached XP level 1. HP: 13/13 MP: 3/3
    68 | D:1      | Identified a scroll of acquirement
    68 | D:1      | Acquired the amulet "Badohita" {RegenMP rC+ Int+7}
   195 | D:1      | Reached XP level 2. HP: 7/19 MP: 5/5
   627 | D:1      | Reached skill level 5 in Necromancy
   786 | D:1      | Gained mutation: You are afflicted with vampirism and can
                  | become a bat while bloodless. [Vampire growth]
   786 | D:1      | Reached XP level 3. HP: 24/24 MP: 4/6
   848 | D:2      | Quit the game

Illustrated notes

Levels and vault maps discovered:
D:1:      amcnicky_arrival_single_pillar, layout_loops_cross,
          hangedman_glass_garden
D:2:      layout_loops_ring, dk_vineyard_1, uniq_natasha

Skill      XL: |  1  2 |
---------------+-------+-----
Necromancy     | 5 |  5.2
Dodging        | |  2.2
Stealth        | |  3.2
Unarmed Combat | |  0.3
Spellcasting   | |  2.2

Action                     || total
---------------------------++-------
  Melee: Unarmed           ||    23
         Bite              ||     3
   Cast: Necrotise         ||    26
    Use: Scroll            ||     3
 Armour: Robe              ||     6
  Dodge: Dodged            ||    32

Table legend: (Time is in decaauts)
 A = Elapsed time spent in this place.
 B = Non-inter-level travel time spent in this place.
 C = Inter-level travel time spent in this place.
 D = Time resting spent in this place.
 E = Time spent auto-exploring this place.
 F = Levels seen in this place.
 G = Mean time per level.
                   A        B        C        D        E       F      G
               +--------+--------+--------+--------+--------+-----+--------+
         Total |    847 |    836 |     11 |      0 |    644 |   2 |  423.5 |
       Dungeon |    847 |    836 |     11 |      0 |    644 |   2 |  423.5 |
               +--------+--------+--------+--------+--------+-----+--------+

Top non-repeatable levels by time:
     D:1: 812 daAuts
     D:2: 35 daAuts
